 Dungeon Crawl Stone Soup version 0.27.1-34-g3ba077fa99 (webtiles) character file.

Game seed: 5453000049757395175

170 sankara the Ruffian (level 5, -1/50 HPs)
             Began as a Troll Monk on Jan 18, 2022.
             Slain by an orc (2 damage)
             ... on level 4 of the Dungeon.
             The game lasted 00:04:09 (1355 turns).

sankara the Ruffian (Troll Monk)                    Turns: 1355, Time: 00:04:10

Health: -1/50      AC:  4    Str: 19    XL:     5   Next: 26%
Magic:  4/4        EV: 10    Int:  6    God:
Gold:   89         SH:  0    Dex: 13    Spells: 4/4 levels left

rFire    . . .     SeeInvis .     - Unarmed
rCold    . . .     Faith    .   (no shield)
rNeg     . . .     Spirit   .   a - +0 robe
rPois    .         Reflect  .   (helmet restricted)
rElec    .         Harm     .   (no cloak)
rCorr    .         Rampage  .   (gloves unavailable)
Will     .....                  (boots unavailable)
Stlth    ++........             (no amulet)
HPRegen  1.16/turn              (no ring)
MPRegen  0.09/turn              (no ring)

@: no status effects
A: large, unfitting armour, claws 3, regeneration 1, shaggy fur 1, tough skin 1
a: no special abilities


You were on level 4 of the Dungeon.
You visited 1 branch of the dungeon, and saw 4 of its levels.

You collected 89 gold pieces.

Inventory:

Missiles
 b - 39 sling bullets
 c - 69 stones (quivered)
Armour
 a - a +0 robe (worn)
Scrolls
 d - 3 scrolls of identify {unknown}
 e - a scroll of immolation {unknown}
 g - 3 scrolls of noise {unknown}
Potions
 f - 2 potions of brilliance {unknown}


   Skills:
 - Level 2.4 Fighting
 - Level 2.4 Dodging
 - Level 1.0 Stealth
 * Level 6.0 Unarmed Combat


You had 4 spell levels left.
You didn't know any spells.
Your spell library contained the following spells:

 Spells                   Type           Power      Damage    Failure   Level
 Beastly Appendage        Tmut           0%         N/A       45%         1
 Blink                    Tloc           N/A        N/A       58%         2
 Slow                     Hex            0%         N/A       58%         2
 Wereblood                Tmut           0%         N/A       58%         2
 Confusing Touch          Hex            0%         N/A       83%         3
 Lesser Beckoning         Tloc           0%         N/A       83%         3
 Spider Form              Tmut/Pois      0%         N/A       83%         3
 Manifold Assault         Tloc           0%         N/A       100%        5
 Yara's Violent Unravell  Hex/Tmut       0%         3d3       100%        5


Dungeon Overview and Level Annotations

Branches:
Dungeon (4/15)
 Temple: D:4-7

Altars:
Cheibriados
Hepliaklqana
Qazlal
Sif Muna
Xom

Shops:
D:2 *


Innate Abilities, Weirdness & Mutations

You are too large for most types of armour.
You have claws for hands.
Your natural rate of healing is unusually fast.
You are covered in fur. (AC +1)
You have tough skin. (AC +1)


Message History

The orc hits you with a +0 hand axe.
There is an open door here.
You are too injured to fight recklessly!
You are too injured to fight recklessly!
You completely miss the orc priest. The orc priest completely misses you.
The orc wizard mumbles some strange words.
The orc wizard flickers and vanishes!
Deactivating autopickup; reactivate with Ctrl-A.
The orc hits you with a +0 trident.
* * * LOW HITPOINT WARNING * * *
Unknown command.
You claw the orc priest!
The orc priest is heavily wounded.
The orc closely misses you. The orc priest hits you with a +0 mace.
* * * LOW HITPOINT WARNING * * *
Unknown command.
You scratch the orc priest.
The orc priest is severely wounded.
The orc hits you with a +0 trident.
* * * LOW HITPOINT WARNING * * *
The orc closely misses you.
The orc priest hits you but does no damage.
Unknown command.
You barely miss the orc priest.
The orc priest is severely wounded.
The orc completely misses you. The orc barely misses you.
The orc priest invokes the aid of Beogh against you.
You barely resist.
Unknown command.
You claw the orc priest!
You kill the orc priest!
The orc hits you with a +0 trident.
* * * LOW HITPOINT WARNING * * *
The orc hits you but does no damage.
Your Unarmed Combat skill increases to level 6!
Unknown command.
The orc hits you from afar with a +0 trident.
* * * LOW HITPOINT WARNING * * *
The orc hits you with a +0 hand axe.
You die...

##..#.≈≈≈≈≈≈≈≈≈
#.#≈.≈≈≈≈≈≈≈≈≈≈
##≈≈≈≈≈≈.≈≈≈.≈≈≈.
#≈≈.#≈≈≈#≈≈≈#≈≈≈#
##≈.###.###.###.## #.####
#....#...#...#...#
#....###.................
#..."'o'@................
#....')#o..........).....
#....###.................
#.#### #≈...#...#(..#...#
#≈ #≈≈≈###.###.###.## #
##.≈≈#≈≈≈#≈≈≈#≈≈≈#
##)≈≈≈≈≈.≈≈≈.≈≈≈≈
#..≈≈≈≈≈≈≈≈≈≈≈P.
##..≈≈≈≈P.≈≈≈P..


You could see 2 orcs.

Vanquished Creatures
  A centaur skeleton (D:4)
  An orc priest (D:4)
  A hound (D:4)
  3 adders
  A worm (D:2)
  2 orcs (D:4)
  3 endoplasms
  5 goblins
  6 hobgoblins
  8 jackals
  A quokka (D:2)
  2 ball pythons (D:2)
  2 bats
  7 frilled lizards
  7 kobolds
  4 rats
54 creatures vanquished.

Vanquished Creatures (others)
  2 plants
2 creatures vanquished.

Grand Total: 56 creatures vanquished

Notes
Turn   | Place    | Note
-------+----------+-------------------------------------------
     0 | D:1      | sankara the Troll Monk began the quest for the Orb.
     0 | D:1      | Reached XP level 1. HP: 22/22 MP: 0/0
   226 | D:1      | Reached XP level 2. HP: 27/29 MP: 1/1
   450 | D:1      | Found a faded altar of an unknown god.
   734 | D:1      | Reached skill level 4 in Unarmed Combat
   921 | D:2      | Reached XP level 3. HP: 36/36 MP: 2/2
   968 | D:2      | Found Bybita's General Store.
  1096 | D:2      | Reached XP level 4. HP: 41/44 MP: 3/3
  1117 | D:2      | You fall into a shaft and drop 1 floor!
  1117 | D:3      | Found a shimmering blue altar of Sif Muna.
  1117 | D:3      | Found a snail-covered altar of Cheibriados.
  1117 | D:3      | Found a shimmering altar of Xom.
  1117 | D:3      | Found a stormy altar of Qazlal.
  1117 | D:3      | Found a hazy altar of Hepliaklqana.
  1240 | D:4      | Reached skill level 5 in Unarmed Combat
  1321 | D:4      | Reached XP level 5. HP: 42/50 MP: 4/4
  1355 | D:4      | Reached skill level 6 in Unarmed Combat
  1355 | D:4      | HP: 1/50 [orc (5)]
  1355 | D:4      | Slain by an orc

Illustrated notes

Levels and vault maps discovered:
D:1:      dpeg_arrival_signposts, layout_basic,
          dilly_ecumenical_altar_fadedgnrine, hex_tiny, minmay_misc_feat_encased
D:2:      minmay_recursive_quarters, layout_rooms, serial_shops, shop_statue,
          st_stairs_6, guppyfry_early_lair_pool
D:3:      layout_rooms, nicolae_overflow_hidden_temple, uniq_crazy_yiuf_cottage
D:4:      wad_lake_hut, layout_loops_ring, minmay_temple_entry_junction,
          kennysheep_donut

Skill      XL: |  1  2  3  4  5 |
---------------+----------------+-----
Unarmed Combat | 4 5 6 |  6.0
Fighting       | |  2.4
Dodging        | |  2.4
Stealth        | |  1.0

Action                   |  1- 3 |  4- 6 || total
-------------------------+-------+-------++-------
Melee: Unarmed           |   113 |    24 ||   137
       Punch             |     2 |       ||     2
 Stab: Sleeping          |     3 |       ||     3
Armor: Robe              |    37 |     5 ||    42
Dodge: Dodged            |    57 |    17 ||    74
